PA
SOUTH BEACH BLAZE @ GWINNETT COUNTY BLACK CATS
07/04/2020
 
TOP OF THE 1ST
South Beach Blaze batting - Pitching for Gwinnett County Black Cats : RHP Jim Unknown
Pitching: RHP Jim Unknown
Batting: RHB Jorge Maestas 0-0: SINGLE (Flyball, 7LS)
Batting: LHB Tomás Mejía 0-0: Called Strike
Jorge Maestas steals 2nd base
0-1: DOUBLE (Flyball, 89M)
Jorge Maestas scores
Batting: RHB León Domínguez 0-0: SINGLE (Flyball, 4D)
Tomás Mejía to third
Runner from 3rd tries for Home, SAFE, no throw or cutoff
Batting: RHB Lloyd Alberink 0-0: Called Strike
0-1: DOUBLE (Line Drive, 7LS)
León Domínguez to third
Batting: RHB Marcos Reyes 0-0: Hit by Pitch
Batting: RHB Júlio Molina 0-0: GRAND SLAM HOME RUN (Line Drive, 7D), Distance : 406 ft
Batting: SHB Miguel Pérez 0-0: Ball
1-0: Foul Ball, location: 2F
1-1: Ball
2-1: Swinging Strike
2-2: Foul Ball, location: 2F
2-2: Strikes out swinging
Batting: LHB Gregg Young 0-0: Called Strike
0-1: Ball
1-1: Foul Ball, location: 2F
1-2: Strikes out looking
Batting: RHB Ted Cook 0-0: Ball
1-0: SINGLE (Groundball, 56D)
Batting: RHB Jorge Maestas 0-0: Ball
1-0: Swinging Strike
Pickoff Throw to First - Out!
Top of the 1st over - 6 run(s), 6 hit(s), 0 error(s), 0 left on base; South Beach 6 - Gwinnett County 0
BOTTOM OF THE 1ST
Gwinnett County Black Cats batting - Pitching for South Beach Blaze : RHP Shao-qi Phan
Pitching: RHP Shao-qi Phan
Batting: LHB Jim Unknown 0-0: Called Strike
0-1: Ball
1-1: Ball
2-1: Bunt for hit - play at first, batter OUT! 4-3
Batting: RHB Ernesto Fernández 0-0: Foul Ball, location: 2F
0-1: Ball
1-1: Ball
2-1: Ball
3-1: Base on Balls
Batting: LHB Kent Roberts 0-0: Swinging Strike
0-1: Ball
1-1: Ball
2-1: Ball
3-1: Base on Balls
Ernesto Fernández to second
Batting: RHB Luis Hernández 0-0: Called Strike
0-1: Swinging Strike
0-2: Ball
1-2: Strikes out swinging
Batting: RHB Millard Lewis 0-0: Swinging Strike
0-1: Fly out, F3 (Popup, 3)
Bottom of the 1st over - 0 run(s), 0 hit(s), 0 error(s), 2 left on base; South Beach 6 - Gwinnett County 0
TOP OF THE 2ND
South Beach Blaze batting - Pitching for Gwinnett County Black Cats : RHP Jim Unknown
Batting: RHB Jorge Maestas 0-0: Ball
1-0: SINGLE (Flyball, 8RM)
Batting: LHB Tomás Mejía 0-0: Ball
1-0: Called Strike
1-1: Swinging Strike
1-2: Strikes out swinging
Jorge Maestas steals 2nd base
Batter strikes out.
Batting: RHB León Domínguez 0-0: Called Strike
Jorge Maestas steals 3rd base
0-1: Fly out, F5 (Popup, 5SF)
Batting: RHB Lloyd Alberink 0-0: DOUBLE (Line Drive, 5D)
Jorge Maestas scores
Batting: RHB Marcos Reyes 0-0: Ball
1-0: Ball
2-0: Called Strike
2-1: Fly out, F9 (Line Drive, 9M)
Top of the 2nd over - 1 run(s), 2 hit(s), 0 error(s), 1 left on base; South Beach 7 - Gwinnett County 0
BOTTOM OF THE 2ND
Gwinnett County Black Cats batting - Pitching for South Beach Blaze : RHP Shao-qi Phan
Batting: RHB Daniel Ybarra 0-0: Ball
1-0: Called Strike
1-1: Called Strike
1-2: Strikes out swinging
Batting: RHB Luis Dávila 0-0: Ball
1-0: Called Strike
1-1: Bunted foul
1-2: Strikes out swinging
Batting: RHB Jim Unknown 0-0: Swinging Strike
0-1: Fly out, F9 (Flyball, 9M)
Bottom of the 2nd over - 0 run(s), 0 hit(s), 0 error(s), 0 left on base; South Beach 7 - Gwinnett County 0
TOP OF THE 3RD
South Beach Blaze batting - Pitching for Gwinnett County Black Cats : RHP Jim Unknown
Batting: RHB Júlio Molina 0-0: Called Strike
0-1: Foul Ball, location: 2F
0-2: Fly out, F8 (Flyball, 8LS)
Batting: SHB Miguel Pérez 0-0: Ball
1-0: Swinging Strike
1-1: Foul Ball, location: 2F
1-2: Strikes out swinging
Batting: LHB Gregg Young 0-0: Ball
1-0: Called Strike
1-1: Ball
2-1: Ball
3-1: Foul Ball, location: 2F
3-2: Foul Ball, location: 2F
3-2: SINGLE (Line Drive, 3L)
Batting: RHB Ted Cook 0-0: Foul Ball, location: 2F
0-1: Swinging Strike
0-2: Strikes out looking
Top of the 3rd over - 0 run(s), 1 hit(s), 0 error(s), 1 left on base; South Beach 7 - Gwinnett County 0
BOTTOM OF THE 3RD
Gwinnett County Black Cats batting - Pitching for South Beach Blaze : RHP Shao-qi Phan
Batting: LHB Jim Unknown 0-0: Called Strike
0-1: Called Strike
0-2: Strikes out looking
Batting: LHB Jim Unknown 0-0: Called Strike
0-1: Foul Ball, location: 2F
0-2: Ground out 4-3 (Groundball, 4)
Batting: RHB Ernesto Fernández 0-0: Ball
1-0: Ground out 6-3 (Groundball, 6M)
Bottom of the 3rd over - 0 run(s), 0 hit(s), 0 error(s), 0 left on base; South Beach 7 - Gwinnett County 0
TOP OF THE 4TH
South Beach Blaze batting - Pitching for Gwinnett County Black Cats : RHP Jim Unknown
Pitching: LHP Jim Unknown
Batting: RHB Jorge Maestas 0-0: Called Strike
0-1: Swinging Strike
0-2: Strikes out swinging
Batting: LHB Tomás Mejía 0-0: Ball
1-0: Ground out 4-3 (Groundball, 4)
Batting: RHB León Domínguez 0-0: Fly out, F4 (Line Drive, 4)
Top of the 4th over - 0 run(s), 0 hit(s), 0 error(s), 0 left on base; South Beach 7 - Gwinnett County 0
BOTTOM OF THE 4TH
Gwinnett County Black Cats batting - Pitching for South Beach Blaze : RHP Shao-qi Phan
Batting: LHB Kent Roberts 0-0: Called Strike
0-1: Ball
1-1: Ball
2-1: Called Strike
2-2: Ball
3-2: Base on Balls
Batting: RHB Luis Hernández 0-0: Foul Ball, location: 2F
0-1: Ball
1-1: Ball
2-1: Foul Ball, location: 2F
2-2: Strikes out swinging
Batting: RHB Millard Lewis 0-0: Foul Ball, location: 2F
0-1: Swinging Strike
0-2: Strikes out swinging
Batting: RHB Daniel Ybarra 0-0: Ball
Pickoff Throw to First - Error! E1
Kent Roberts to second
1-0: Fly out, F8 (Flyball, 8LS)
Bottom of the 4th over - 0 run(s), 0 hit(s), 1 error(s), 1 left on base; South Beach 7 - Gwinnett County 0
TOP OF THE 5TH
South Beach Blaze batting - Pitching for Gwinnett County Black Cats : LHP Jim Unknown
Batting: RHB Lloyd Alberink 0-0: Called Strike
0-1: Ball
1-1: Ball
2-1: Fly out, F4 (Popup, 34)
Batting: RHB Marcos Reyes 0-0: Ball
1-0: Foul Ball, location: 2F
1-1: Ball
2-1: Ball
3-1: Foul Ball, location: 2F
3-2: Fly out, F6 (Line Drive, 6)
Batting: RHB Júlio Molina 0-0: SINGLE (Line Drive, 56D)
Batting: SHB Miguel Pérez 0-0: Ball
1-0: Ball
2-0: Foul Ball, location: 2F
2-1: Foul Ball, location: 2F
2-2: Foul Ball, location: 2F
2-2: Ball
3-2: Strikes out swinging
Top of the 5th over - 0 run(s), 1 hit(s), 0 error(s), 1 left on base; South Beach 7 - Gwinnett County 0
BOTTOM OF THE 5TH
Gwinnett County Black Cats batting - Pitching for South Beach Blaze : RHP Shao-qi Phan
Batting: RHB Luis Dávila 0-0: Bunt for hit - play at first, batter OUT! 5-3
Batting: RHB Jim Unknown 0-0: Called Strike
0-1: Ball
1-1: Foul Ball, location: 2F
1-2: Strikes out swinging
Batting: LHB Jim Unknown 0-0: SINGLE (Line Drive, 6MD)
Batting: LHB Jim Unknown 0-0: Swinging Strike
0-1: Ball
1-1: Foul Ball, location: 2F
1-2: Ground out 1-3 (Groundball, 13)
Bottom of the 5th over - 0 run(s), 1 hit(s), 0 error(s), 1 left on base; South Beach 7 - Gwinnett County 0
TOP OF THE 6TH
South Beach Blaze batting - Pitching for Gwinnett County Black Cats : LHP Jim Unknown
Batting: LHB Gregg Young 0-0: Foul Ball, location: 2F
0-1: Fly out, F8 (Flyball, 8LS)
Batting: RHB Ted Cook 0-0: Ball
1-0: Ball
2-0: Ground out 6-3 (Groundball, 6M)
Batting: RHB Jorge Maestas 0-0: SINGLE (Line Drive, 6D)
Batting: LHB Tomás Mejía 0-0: Ball
Jorge Maestas is caught stealing 2nd base
Top of the 6th over - 0 run(s), 1 hit(s), 0 error(s), 0 left on base; South Beach 7 - Gwinnett County 0
BOTTOM OF THE 6TH
Gwinnett County Black Cats batting - Pitching for South Beach Blaze : RHP Shao-qi Phan
Batting: RHB Ernesto Fernández 0-0: Ball
1-0: Ball
2-0: Called Strike
2-1: Called Strike
2-2: Ball
3-2: Foul Ball, location: 2F
3-2: Fly out, F4 (Popup, 34D)
Batting: LHB Kent Roberts 0-0: Ball
1-0: Ball
2-0: Foul Ball, location: 2F
2-1: Ball
3-1: Base on Balls
Batting: RHB Luis Hernández 0-0: Ball
1-0: Foul Ball, location: 2F
1-1: Called Strike
1-2: Foul Ball, location: 2F
1-2: Fly out, F4 (Line Drive, 6M)
Batting: RHB Millard Lewis 0-0: Called Strike
0-1: Ball
1-1: Ground out 1-3 (Groundball, 23)
Bottom of the 6th over - 0 run(s), 0 hit(s), 0 error(s), 1 left on base; South Beach 7 - Gwinnett County 0
TOP OF THE 7TH
South Beach Blaze batting - Pitching for Gwinnett County Black Cats : LHP Jim Unknown
Batting: LHB Tomás Mejía 0-0: Swinging Strike
0-1: Swinging Strike
0-2: Ball
1-2: Strikes out looking
Batting: RHB León Domínguez 0-0: Fly out, F9 (Flyball, 9M)
Batting: RHB Lloyd Alberink 0-0: Ground out 1-3 (Groundball, 13S)
Top of the 7th over - 0 run(s), 0 hit(s), 0 error(s), 0 left on base; South Beach 7 - Gwinnett County 0
BOTTOM OF THE 7TH
Gwinnett County Black Cats batting - Pitching for South Beach Blaze : RHP Shao-qi Phan
Batting: RHB Daniel Ybarra 0-0: Fly out, F7 (Flyball, 78M)
Batting: RHB Luis Dávila 0-0: Ball
1-0: Foul Ball, location: 2F
1-1: Ball
2-1: Foul Ball, location: 2F
2-2: Ground out 6-3 (Groundball, 6)
Batting: RHB Jim Unknown 0-0: Swinging Strike
0-1: Fly out, F7 (Flyball, 7D)
Bottom of the 7th over - 0 run(s), 0 hit(s), 0 error(s), 0 left on base; South Beach 7 - Gwinnett County 0
TOP OF THE 8TH
South Beach Blaze batting - Pitching for Gwinnett County Black Cats : LHP Jim Unknown
Batting: RHB Marcos Reyes 0-0: Called Strike
0-1: Foul Ball, location: 2F
0-2: Ball
1-2: Strikes out swinging
Batting: RHB Júlio Molina 0-0: Ball
1-0: Ball
2-0: Fly out, F9 (Flyball, 9S)
Batting: SHB Miguel Pérez 0-0: Ground out 5-3 (Groundball, 56)
Top of the 8th over - 0 run(s), 0 hit(s), 0 error(s), 0 left on base; South Beach 7 - Gwinnett County 0
BOTTOM OF THE 8TH
Gwinnett County Black Cats batting - Pitching for South Beach Blaze : RHP Shao-qi Phan
Batting: LHB Jim Unknown 0-0: Ball
1-0: Foul Ball, location: 2F
1-1: Foul Ball, location: 2F
1-2: Ground out 4-3 (Groundball, 34D)
Batting: LHB Jim Unknown 0-0: Foul Ball, location: 2F
0-1: Fly out, F8 (Flyball, 8RD)
Batting: RHB Ernesto Fernández 0-0: Ball
1-0: Ground out 6-3 (Groundball, 6M)
Bottom of the 8th over - 0 run(s), 0 hit(s), 0 error(s), 0 left on base; South Beach 7 - Gwinnett County 0
TOP OF THE 9TH
South Beach Blaze batting - Pitching for Gwinnett County Black Cats : LHP Jim Unknown
Pitching: LHP Jim Unknown
Batting: LHB Gregg Young 0-0: Called Strike
0-1: Ball
1-1: Ball
2-1: Foul Ball, location: 2F
2-2: Strikes out looking
Pitching: RHP Vicente Hernández
Batting: RHB Ted Cook 0-0: Ball
1-0: Foul Ball, location: 2F
1-1: Ball
2-1: Ball
3-1: Called Strike
3-2: Base on Balls
Batting: RHB Jorge Maestas 0-0: Ball
1-0: Foul Ball, location: 2F
1-1: Foul Ball, location: 2F
1-2: Ball
2-2: Ball
3-2: Base on Balls
Ted Cook to second
Batting: LHB Tomás Mejía 0-0: Grounds into double play, 6-4-3 (Groundball, 6)
Top of the 9th over - 0 run(s), 0 hit(s), 0 error(s), 1 left on base; South Beach 7 - Gwinnett County 0
BOTTOM OF THE 9TH
Gwinnett County Black Cats batting - Pitching for South Beach Blaze : RHP Shao-qi Phan
Batting: LHB Kent Roberts 0-0: Called Strike
0-1: Foul Ball, location: 2F
0-2: Strikes out swinging
Batting: RHB Luis Hernández 0-0: Called Strike
0-1: Ball
1-1: Fly out, F9 (Flyball, 89D)
Batting: RHB Millard Lewis 0-0: Foul Ball, location: 2F
0-1: Ground out 6-3 (Groundball, 6M)
Bottom of the 9th over - 0 run(s), 0 hit(s), 0 error(s), 0 left on base; South Beach 7 - Gwinnett County 0
This league is powered by Out of the Park Baseball, the baseball management simulation game for PC, Mac and Linux
Friday, October 23rd, 2015 - OOTP Baseball 16.9 Build 39